 Dungeon Crawl Stone Soup version 0.22-a0-448-g1fb7470 (webtiles) character file.

15738 4thArraOfDagon the Arsonist (level 12, -11/120 HPs)
             Began as an Ogre Fire Elementalist on June 4, 2018.
             Was a High Priest of Vehumet.
             Mangled by Snorg (13 damage)
             ... on level 14 of the Dungeon.
             The game lasted 00:37:24 (9426 turns).

4thArraOfDagon the Arsonist (OgFE)                  Turns: 9426, Time: 00:37:25

Health: -11/120    AC:  2    Str: 15      XL:     12   Next: 30%
Magic:  8/25       EV: 10    Int: 20      God:    Vehumet [*****.]
Gold:   677        SH:  0    Dex:  5 (9)  Spells: 16/29 levels left

rFire    . . .     SeeInvis +   e - +1 spear (freeze)
rCold    . . .     Gourm    .   (no shield)
rNeg     . . .     Faith    .   a - +0 robe
rPois    +         Spirit   .   (helmet restricted)
rElec    .         Reflect  .   (no cloak)
rCorr    .         Harm     .   (gloves unavailable)
MR       +....                  (boots unavailable)
Stlth    +.........             (no amulet)
HPRegen  0.30/turn              E - ring of poison resistance
MPRegen  0.19/turn              G - ring of see invisible

@: very slightly contaminated, hasted, very quick
A: large, unfitting armour, horns 1, deformed body, screaming 1, tough skin 1
a: Renounce Religion


You were on level 14 of the Dungeon.
You worshipped Vehumet.
Vehumet was extremely pleased with you.
You were hungry.

You visited 2 branches of the dungeon, and saw 15 of its levels.

You collected 789 gold pieces.
You spent 112 gold pieces at shops.

Inventory:

Hand Weapons
 b - a +0 club
 e - a +1 spear of freezing (weapon)
 h - a +0 mace
 m - a +0 giant spiked club
Missiles
 D - 4 curare-tipped needles
Armour
 a - a +0 robe (worn)
Jewellery
 w - an uncursed ring of resist corrosion
 B - an uncursed ring of ice
 E - a ring of poison resistance (left hand)
 G - a ring of see invisible (right hand)
Wands
 n - a wand of flame (37)
 t - a wand of scattershot (11)
 x - a wand of digging (18)
 A - a wand of enslavement (14)
 H - a wand of iceblast (17)
Scrolls
 d - a scroll of fear
 f - a scroll of teleportation
 g - 4 scrolls of remove curse
 i - 5 scrolls of enchant armour
 k - a scroll of magic mapping
 l - 8 scrolls of identify
 p - 2 scrolls of noise
 v - a scroll of torment
 y - 2 scrolls of amnesia
 C - 3 scrolls of fog
 F - 2 scrolls of holy word
 J - a scroll of enchant weapon
Potions
 q - a potion of lignification
 r - a potion of curing
 s - 3 potions of brilliance
 u - 3 potions of haste
 z - 2 potions of resistance
 I - 2 potions of flight
 L - a potion of might
Miscellaneous
 K - a fan of gales
Comestibles
 c - 15 rations


   Skills:
 - Level 8.2 Fighting
 - Level 6.0 Dodging
 - Level 1.4 Stealth
 + Level 9.1 Spellcasting
 * Level 10.3 Conjurations
 * Level 10.5 Fire Magic


You had 16 spell levels left.
You knew the following spells:

 Your Spells              Type           Power        Failure   Level  Hunger
a - Flame Tongue          Conj/Fire      #####        1%          1    None
b - Conjure Flame         Conj/Fire      ######..     1%          3    None
c - Sticky Flame          Conj/Fire      ######..     1%          4    ###....
d - Fireball              Conj/Fire      ######....   1%          5    #####..

Your spell library contained the following spells:

 Spells                   Type           Power        Failure   Level  Hunger
 Throw Flame              Conj/Fire      ######       1%          2    None
 Throw Frost              Conj/Ice       ####..       1%          2    None
 Freeze                   Ice            #...         2%          1    None
 Summon Ice Beast         Ice/Summ       #.......     58%         4    ###....
 Ozocubu's Armour         Chrm/Ice       #.......     22%         3    None
 Throw Icicle             Conj/Ice       ####....     2%          4    ###....
 Inner Flame              Hex/Fire       ####....     1%          3    None


Dungeon Overview and Level Annotations

Branches:
Dungeon (14/15)            Temple (1/1) D:5
   Lair: D:8-11         Orc: D:9-12      Vaults: D:13-14

Altars:
Ashenzari
Cheibriados
Dithmenos
Elyvilon
Fedhas
Gozag
Hepliaklqana
Kikubaaqudgha
Makhleb
Nemelex Xobeh
Okawaru
Qazlal
Ru
Sif Muna
Trog
Uskayaw
Vehumet
Wu Jian
Xom
Yredelemnul
Zin
The Shining One

Shops:
D:6 (   D:10 ?

Annotations:
D:13 Frances
D:14 Louise, Snorg


Innate Abilities, Weirdness & Mutations

You are too large for most types of armour.
You have tough skin. (AC +1)
You have a pair of small horns on your head.
Armour fits poorly on your strangely shaped body.
You occasionally shout uncontrollably at your foes.


Message History

Aim: Snorg (heavily wounded, berserk, fast, unusually strong) Attack!
The centaur warrior wields a longbow.
The centaur warrior shoots an arrow.
The arrow hits you!!
* * * LOW HITPOINT WARNING * * *
Unknown command.
Unknown command.
Evoke which item? (* to show all) (? for menu, Esc to quit)
Aiming: Iceblast
Press: ? - help, Shift-Dir - straight line, p - Snorg The mass of ice explodes!
The iceblast engulfs the centaur warrior.
You kill the centaur warrior!
Vehumet accepts your kill.
You feel your power returning.
You feel your dexterity returning.
The iceblast engulfs Snorg.
Snorg is heavily wounded.
An orc warrior comes into view. It is wielding a war axe.
Snorg barely misses you. x2; Snorg claws you!
You die...

..o#P ..). ...#
..)# ...#### ###
.>..... .. ##<..##
#.##@..$.##
####.#.T.....#
#......$.......
.....#.#.........#
#.. ...#)#........
# ...###.#..##..#
#.##. #@#..##..# #
# #.#......#
#.##.##.#


You could see Louise, Snorg (berserk) and an orc warrior (wandering).

Vanquished Creatures
  3 centaur warriors
  2 two-headed ogres
  A deep elf mage (D:10)
  A cyclops (D:10)
  A manticore (D:9)
  2 ugly things
  4 centaur skeletons
  2 trolls
  A meliai (D:10)
  A hornet (D:13)
  The ghost of Curus the Stinger, an amateur MfTm (D:3)
  The ghost of crawlian the Insei, an amateur OpTm (D:5)
  5 hippogriffs
  3 slime creatures (D:13)
  A vampire (D:10)
  7 yaks
  3 hungry ghosts
  Menkaure (D:6)
  2 water moccasins (D:10)
  2 orc warriors
  2 porcupines (D:11)
  2 ice beasts
  3 phantoms
  2 sky beasts
  4 black bears
  2 necrophages
  5 ogres
  2 centaurs (D:11)
  A crocodile (D:11)
  A big kobold (D:7)
  Blork the orc (D:5)
  12 bullfrogs
  3 scorpions
  A water moccasin skeleton (D:5)
  5 killer bees (D:12)
  2 howler monkeys
  A crimson imp (D:10)
  A bullfrog zombie (D:12)
  3 hounds
  2 quasits
  A centaur zombie (D:8)
  5 jellies
  7 orc wizards
  A bullfrog skeleton (D:9)
  7 orc priests
  An iguana (D:4)
  11 worker ants
  2 hound zombies
  A hound skeleton (D:8)
  3 worker ant zombies
  8 adders
  4 gnolls (D:10)
  A shadow imp (D:9)
  A white imp (D:11)
  2 adder skeletons
  2 worms
  A dart slug (D:2)
  3 leopard geckos
  27 orcs
  4 ball pythons
  5 giant cockroaches
  11 goblins
  8 hobgoblins
  11 jackals
  4 quokkas
  8 bats
  4 frilled lizards
  12 kobolds
  A quokka skeleton (D:5)
  5 rats
260 creatures vanquished.

Vanquished Creatures (others)
  4 fungi (D:11)
  2 plants (D:11)
6 creatures vanquished.

Grand Total: 266 creatures vanquished

Notes
Turn   | Place    | Note
-------+----------+-------------------------------------------
     0 | D:1      | 4thArraOfDagon the Ogre Fire Elementalist began the quest for the Orb.
     0 | D:1      | Reached XP level 1. HP: 16/16 MP: 3/3
     6 | D:1      | Reached skill level 1 in Conjurations
    19 | D:1      | Sergey: hey
    32 | D:1      | 4thArraOfDagon: heey
    84 | D:1      | Reached XP level 2. HP: 24/24 MP: 2/5
   406 | D:3      | Noticed Curus's ghost (amateur MfTm)
   410 | D:3      | Reached XP level 3. HP: 26/31 MP: 2/7
   436 | D:2      | Learned a level 3 spell: Conjure Flame
   520 | D:2      | Noticed an ogre
   585 | D:2      | Killed an ogre
   585 | D:2      | Reached XP level 4. HP: 39/39 MP: 0/8
   585 | D:2      | Reached XP level 5. HP: 45/45 MP: 0/9
   591 | D:2      | Learned a level 4 spell: Sticky Flame
   600 | D:2      | Sergey: why not unarmed ?
   754 | D:4      | Sergey: I mean while tree form
   981 | D:4      | Gained mutation: You occasionally shout uncontrollably at your foes. [potion of mutation]
   981 | D:4      | Gained mutation: Armour fits poorly on your strangely shaped body. [potion of mutation]
   981 | D:4      | Gained mutation: You have a pair of small horns on your head. [potion of mutation]
  1005 | D:5      | Entered Level 5 of the Dungeon
  1005 | D:5      | Noticed a phantom
  1163 | D:4      | Reached XP level 6. HP: 28/53 MP: 3/11
  1459 | D:5      | Found a staircase to the Ecumenical Temple.
  1460 | D:5      | Noticed a phantom
  1485 | D:5      | Killed a phantom
  1485 | D:5      | Reached skill level 5 in Fire Magic
  1485 | D:5      | Reached XP level 7. HP: 39/59 MP: 7/13
  1494 | Temple   | Entered the Ecumenical Temple
  1534 | Temple   | Became a worshipper of Vehumet
  1674 | D:4      | Learned a level 5 spell: Fireball
  1725 | D:3      | Killed Curus's ghost
  2425 | D:2      | Reached * piety under Vehumet
  2425 | D:2      | Offered knowledge of Shock by Vehumet.
  2968 | D:3      | Found a shattered altar of Ashenzari.
  3539 | D:5      | Noticed Blork the orc
  3546 | D:5      | Killed Blork the orc
  3546 | D:5      | Reached skill level 5 in Conjurations
  3546 | D:5      | Reached XP level 8. HP: 49/68 MP: 7/15
  3586 | D:5      | Reached skill level 1 in Fighting
  3768 | D:5      | Reached skill level 5 in Spellcasting
  3934 | D:5      | Noticed crawlian's ghost (amateur OpTm)
  3970 | D:5      | Killed crawlian's ghost
  3971 | D:5      | rip bud
  4123 | D:6      | Noticed Menkaure
  4127 | D:6      | Killed Menkaure
  4283 | D:6      | Found a radiant altar of Vehumet.
  4316 | D:6      | Offered knowledge of Freeze by Vehumet.
  4357 | D:6      | Reached ** piety under Vehumet
  4357 | D:6      | Reached XP level 9. HP: 62/83 MP: 2/17
  4620 | D:6      | Found Zaciamonn's Weapon Boutique.
  5779 | D:8      | Offered knowledge of Throw Frost by Vehumet.
  5803 | D:8      | Noticed a two-headed ogre
  5820 | D:8      | Killed a two-headed ogre
  5820 | D:8      | Reached skill level 5 in Fighting
  5820 | D:8      | Reached XP level 10. HP: 50/96 MP: 7/20
  6201 | D:9      | Reached *** piety under Vehumet
  6352 | D:9      | Noticed a manticore
  6367 | D:9      | Killed a manticore
  6634 | D:10     | Entered Level 10 of the Dungeon
  6739 | D:10     | Offered knowledge of Ignite Poison by Vehumet.
  6821 | D:10     | Noticed a centaur warrior
  6821 | D:10     | Noticed a deep elf mage
  6845 | D:10     | Noticed a cyclops
  6847 | D:10     | Killed a deep elf mage
  6847 | D:10     | Reached skill level 5 in Dodging
  6856 | D:10     | HP: 2/100 [cyclops (29)]
  6857 | D:10     | Killed a cyclops
  7046 | D:10     | Noticed a green ugly thing
  7057 | D:10     | Killed a green ugly thing
  7057 | D:10     | Reached XP level 11. HP: 95/107 MP: 19/22
  7352 | D:10     | Killed a centaur warrior
  7363 | D:10     | HP: 5/109 [bullfrog (7)]
  7767 | D:10     | Found Mabeiwu's Magic Scroll Emporium.
  7783 | D:10     | Bought a scroll of identify for 28 gold pieces
  7783 | D:10     | Bought a scroll of fog for 28 gold pieces
  7783 | D:10     | Bought a scroll of identify for 28 gold pieces
  7783 | D:10     | Bought a scroll of identify for 28 gold pieces
  7925 | D:10     | Reached **** piety under Vehumet
  8240 | D:11     | Offered knowledge of Lee's Rapid Deconstruction by Vehumet.
  8250 | D:11     | Noticed a two-headed ogre
  8322 | D:11     | Killed a two-headed ogre
  8434 | D:11     | Noticed a cyclops
  8543 | D:11     | Noticed an unseen horror
  8757 | D:12     | Reached skill level 10 in Fire Magic
  8981 | D:13     | Reached XP level 12. HP: 98/120 MP: 21/24
  9051 | D:12     | Reached skill level 10 in Conjurations
  9057 | D:12     | Thaneod: !lg Thaneod -2
  9058 | D:12     | XtahuaRules: 1297/1298. Thaneod the Archmage (L27 DEFE of Gozag), killed by a great blast of fire invoked by the wrath of Vehumet on Zig:13 on 2018-06-04 19:15:05, with 1086670 points after 79745 turns and 5:35:27.
  9104 | D:13     | 4thArraOfDagon: :(
  9104 | D:13     | 4thArraOfDagon: how much dmg?
  9116 | D:13     | Thaneod: 99
  9153 | D:13     | Sergey: wow
  9177 | D:13     | Noticed a centaur warrior
  9184 | D:13     | Killed a centaur warrior
  9184 | D:13     | Reached ***** piety under Vehumet
  9184 | D:13     | Offered knowledge of Bolt of Cold by Vehumet.
  9188 | D:13     | Noticed Frances
  9191 | D:13     | Noticed a sun demon
  9341 | D:13     | 4thArraOfDagon: massive
  9406 | D:14     | Noticed Louise
  9406 | D:14     | Noticed Snorg
  9413 | D:14     | Thaneod: oi
  9415 | D:14     | Noticed a centaur warrior
  9425 | D:14     | HP: 2/120 [centaur warrior/arrow (21)]
  9426 | D:14     | Killed a centaur warrior
  9426 | D:14     | Mangled by Snorg

Vault maps used:
D:1:      erik_arrival_cave_to_civilisation, lemuel_old_faithful
D:2:      mumra_celtic_spiral_tile
D:3:      evilmike_ruin_ashenzari, minmay_misc_feat_four_crosses
D:4:      cheibrodos_greedy_goblins
D:5:      minmay_temple_entry_junction_2, first_ration, st_stairs_1,
          amethyst_killhole, uniq_blork_the_orc
D:6:      serial_shops, shop_fountains, basic_altar, minmay_misc_feat_chi,
          uniq_menkaure
D:7:      hangedman_glass_teeth
D:10:     minmay_the_grid_four_pointed_star, serial_shops, nicolae_shop_trees
D:11:     due_lair_maze_entry_diamond
D:12:     david_orc_4
D:13:     uniq_frances
D:14:     erik_vaults_2, serial_bayou_pond_b, enter_trove_1, grunt_ogre_cave,
          uniq_louise, uniq_josephine, uniq_snorg
Temple:   kilobyte_greek_temple

Skill      XL: |  1  2  3  4  5  6  7  8  9 10 11 12 |
---------------+-------------------------------------+-----
Conjurations   | 1 2 3 4 5 6 7 8 9 10 | 10.3
Fire Magic     | 3 4 5 6 7 9 10 | 10.5
Spellcasting   | 3 4 5 6 7 8 9 |  9.1
Dodging        | 3 4 5 6 |  6.0
Fighting       | 3 5 6 8 |  8.2
Stealth        | |  1.4

Action                   |  1- 3 |  4- 6 |  7- 9 | 10-12 || total
-------------------------+-------+-------+-------+-------++-------
Melee: Club              |    21 |       |       |       ||    21
       Mace              |    14 |       |       |       ||    14
       Giant spiked club |       |    31 |       |       ||    31
       Unarmed           |       |    11 |       |       ||    11
       Spear             |       |    12 |   166 |   158 ||   336
       Headbutt          |       |     2 |    12 |    16 ||    30
Throw: Throwing net      |       |       |       |     1 ||     1
 Cast: Flame Tongue      |    29 |    46 |   108 |    84 ||   267
       Sticky Flame      |       |     3 |    18 |    61 ||    82
       Conjure Flame     |       |     4 |    14 |    29 ||    47
       Fireball          |       |       |     1 |    18 ||    19
Evoke: Wand              |     1 |     5 |       |     4 ||    10
       Phantom mirror    |       |       |       |     1 ||     1
  Use: Potion            |     2 |     2 |       |     7 ||    11
       Scroll            |       |       |       |    22 ||    22
 Stab: Sleeping          |     4 |       |     4 |     1 ||     9
  Eat: Chunk             |       |     4 |    17 |    23 ||    44
       Ration            |       |       |       |     1 ||     1
Armor: Robe              |    27 |    12 |    27 |    31 ||    97
       Skin              |     1 |       |       |     4 ||     5
Dodge: Dodged            |    33 |    61 |    75 |   151 ||   320

Table legend:
 A = Spawn XP
 B = Non-spawn XP
 C = Spawn XP percentage of total XP
 D = Spawn monster count
 E = Non-spawn monster count
 F = Spawn count percentage of total count
 G = Total turns spent on level
                    A         B        C        D         E        F      G
               +---------+---------+-------+---------+---------+-------+---------
         Total |       0 |   22483 |   0.0 |       0 |     260 |   0.0 |  9426
               +---------+---------+-------+---------+---------+-------+---------
           D:1 |       0 |      37 |   0.0 |       0 |      23 |   0.0 |   703
           D:2 |       0 |     158 |   0.0 |       0 |      15 |   0.0 |   930
           D:3 |       0 |     319 |   0.0 |       0 |      20 |   0.0 |   593
           D:4 |       0 |     258 |   0.0 |       0 |      18 |   0.0 |   895
           D:5 |       0 |     988 |   0.0 |       0 |      16 |   0.0 |   923
           D:6 |       0 |     927 |   0.0 |       0 |      25 |   0.0 |   664
           D:7 |       0 |     327 |   0.0 |       0 |      11 |   0.0 |   544
           D:8 |       0 |    2651 |   0.0 |       0 |      25 |   0.0 |   925
           D:9 |       0 |    1389 |   0.0 |       0 |      22 |   0.0 |   378
          D:10 |       0 |    5607 |   0.0 |       0 |      38 |   0.0 |  1362
          D:11 |       0 |    4881 |   0.0 |       0 |      27 |   0.0 |   726
          D:12 |       0 |    1105 |   0.0 |       0 |      11 |   0.0 |   221
          D:13 |       0 |    2948 |   0.0 |       0 |       8 |   0.0 |   463
          D:14 |       0 |     888 |   0.0 |       0 |       1 |   0.0 |    20
               +---------+---------+-------+---------+---------+-------+---------
